 Dungeon Crawl Stone Soup version 0.29-a0-303-ge4682ce883 (webtiles) character file.

Game seed: 3739753097571867650

54 Dabor the Chopper (level 3, -1/33 HPs)
             Began as a Hill Orc Monk on Mar 25, 2022.
             Slain by an orc
             ... wielding a +0 short sword
              (5 damage)
             ... on level 2 of the Dungeon.
             The game lasted 00:01:56 (2293 turns).

Dabor the Chopper (Hill Orc Monk)                   Turns: 2293, Time: 00:01:56

Health: -1/33      AC:  2    Str: 15    XL:     3   Next: 91%
Magic:  3/3        EV: 12    Int: 10    God:
Gold:   122        SH:  0    Dex: 13    Spells: 2/2 levels left

rFire   + . .      SeeInvis .   a - +0 hand axe
rCold   . . .      Faith    .   (no shield)
rNeg    . . .      Spirit   .   b - +0 robe
rPois   .          Reflect  .   (no helmet)
rElec   .          Harm     .   (no cloak)
rCorr   .          Rampage  .   (no gloves)
Will    .....                   (no boots)
Stlth   +.........              (no amulet)
HPRegen 0.11/turn               o - ring of protection from fire
MPRegen 0.08/turn               (no ring)

@: confused, ambrosia-drunk
A: no striking features
a: no special abilities


You were on level 2 of the Dungeon.
You visited 1 branch of the dungeon, and saw 3 of its levels.

You collected 122 gold pieces.

Inventory:

Hand Weapons
 a - a +0 hand axe (weapon)
Missiles
 n - 3 javelins (quivered)
Armour
 b - a +0 robe (worn)
Jewellery
 o - a ring of protection from fire (left hand)
Scrolls
 e - a scroll of fear {unknown}
 h - 2 scrolls of identify {unknown}
 i - a scroll of immolation {unknown}
 j - a scroll of magic mapping {unknown}
 k - a scroll of noise {unknown}
 m - a scroll of teleportation {unknown}
 p - a scroll of silence {unknown}
Potions
 c - a potion of ambrosia
 d - 2 potions of curing {unknown}
 f - 2 potions of lignification {unknown}
 g - a potion of flight {unknown}
 l - a potion of mutation {unknown}


   Skills:
 + Level 4.2 Fighting
 + Level 4.6 Axes
 + Level 0.1 Throwing
 + Level 1.5 Armour
 + Level 2.8 Dodging
 - Level 1.5 Stealth


You had 2 spell levels left.
You didn't know any spells.
Your spell library contained the following spells:

 Spells                   Type           Power      Damage    Failure   Level
 Gell's Gravitas          Tloc           0%         N/A       75%         3
 Teleport Other           Tloc           0%         N/A       75%         3
 Dispersal                Tloc           0%         N/A       100%        6


Dungeon Overview and Level Annotations

Branches:
Dungeon (3/15)

Altars:
Trog


Message History

a +0 flail; a hobgoblin corpse Done exploring.
Done exploring.
Done exploring.
Done exploring.
Search for what [? for help]? .
Unknown command.
(D) Dungeon
Where to? (Enter - D:2 @ (x,y), ? - help)
There is a stone staircase leading down here.
You climb downwards.
The orc shouts! x3
Found a scroll labelled UFICZYU ECLASCH and 12 gold pieces.
There is a stone staircase leading up here.
There are monsters nearby!
You catch the helpless orc completely off-guard!
You hit the orc.
The orc is heavily wounded.
The orc hits you with a +0 war axe.
The orc shouts!
You hit the orc.
The orc is severely wounded.
You hit the orc. The orc hits you with a +0 short sword.
The orc hits you with a +0 war axe.
You closely miss the orc.
The orc is severely wounded.
You closely miss the orc. The orc hits you with a +0 war axe.
The orc barely misses you. The orc hits you with a +0 dagger.
The orc hits you with a +0 war axe.
You climb upwards.
There is a stone staircase leading down here.
You are too injured to fight recklessly!
The orc hits you with a +0 short sword. The orc hits you with a +0 war axe.
* * * LOW HITPOINT WARNING * * *
The orc attacks as you move away! The orc hits you with a +0 short sword.
* * * LOW HITPOINT WARNING * * *
You are confused.
You feel invigorated. The orc barely misses you.
The orc attacks as you move away! The orc hits you with a +0 short sword.
You die...

......# #.########### #. #######
#...........# #. #..########.# #.
#..# #.# #. #..# #.###### #.
######## #..# #......## #.
.......# #..########.#..8..####.
######.####....##............)...
#........oo@.#.#....<...###.
#######...##...#........# #.
##### #....>....###.#8...8## ##
....# #.........# #.##...##
#.#.### #.........###<######
...P..# #.##..........# ......#
#.##...######## ......#
#.##...######## ≈≈.P..#
#.###.........#


You could see 2 orcs.

Vanquished Creatures
  An adder (D:2)
  A worm (D:2)
  2 dart slugs (D:2)
  3 bats
  4 endoplasms
  3 giant cockroaches (D:2)
  3 goblins
  3 hobgoblins
  3 quokkas
  4 ball pythons
  4 frilled lizards
  6 kobolds
37 creatures vanquished.

Vanquished Creatures (others)
  A plant (D:2)
1 creature vanquished.

Grand Total: 38 creatures vanquished

Notes
Turn   | Place    | Note
-------+----------+-------------------------------------------
     0 | D:1      | Dabor the Hill Orc Monk began the quest for the Orb.
     0 | D:1      | Reached XP level 1. HP: 19/19 MP: 1/1
   172 | D:1      | Found a faded altar of an unknown god.
   541 | D:1      | Reached XP level 2. HP: 25/27 MP: 2/2
  1067 | D:1      | Reached skill level 1 in Armour
  1210 | D:2      | Reached XP level 3. HP: 33/33 MP: 3/3
  1504 | D:2      | Found a bloodstained altar of Trog.
  2291 | D:2      | HP: 1/33 [orc/+0 short sword (5)]
  2293 | D:2      | Slain by an orc

Illustrated notes

Levels and vault maps discovered:
D:1:      dpeg_cavernosity, layout_loops_ring, chequers_ecumenical_altar_simple
D:2:      layout_loops_ring, basic_altar, grunt_ministairs_1,
          guppyfry_early_lair_pool
D:3:      layout_loops_corners, serial_bayou, serial_bayou_pond_d,
          serial_bayou_shore_a, serial_bayou_pond_d, serial_bayou_crossing,
          gammafunk_ghost_nasty_kobolds, uniq_natasha

Skill      XL: |  1  2 |
---------------+-------+-----
Armour         | 1 |  1.5
Fighting       | 4 |  4.2
Axes           | |  4.6
Throwing       | |  0.1
Dodging        | |  2.8
Stealth        | |  1.5

Action                   || total
-------------------------++-------
Melee: Hand axe          ||   139
       Punch             ||     1
  Use: Potion            ||     1
 Stab: Sleeping          ||     5
       Distracted        ||     1
Armor: Robe              ||    26
Dodge: Dodged            ||   106

Table legend: (Time is in decaauts)
 A = Elapsed time spent in this place.
 B = Non-inter-level travel time spent in this place.
 C = Inter-level travel time spent in this place.
 D = Time resting spent in this place.
 E = Time spent auto-exploring this place.
 F = Levels seen in this place.
 G = Mean time per level.
                   A        B        C        D        E       F      G
               +--------+--------+--------+--------+--------+-----+--------+
         Total |   2304 |   2239 |     65 |      0 |   1913 |   3 |  768.0 |
       Dungeon |   2304 |   2239 |     65 |      0 |   1913 |   3 |  768.0 |
               +--------+--------+--------+--------+--------+-----+--------+

Top non-repeatable levels by time:
     D:2: 1173 daAuts
     D:1: 1126 daAuts
     D:3: 4 daAuts
